 Dungeon Crawl Stone Soup version 0.20.1-1-g8b1a95d (webtiles) character file.

6333 QuCean the Cleaver (level 10, -31/86 HPs)
             Began as a Minotaur Fighter on Oct 18, 2017.
             Was a Priest of the Shining One.
             Annihilated by a titanic slime creature (36 damage)
             ... on level 9 of the Dungeon.
             The game lasted 00:30:33 (9283 turns).

QuCean the Cleaver (Minotaur Fighter)               Turns: 9283, Time: 00:30:34

Health: -31/86     AC: 17    Str: 26    XL:     10   Next: 64%
Magic:  9/9        EV:  9    Int:  5    God:    the Shining One [***...]
Gold:   448        SH: 14    Dex: 20    Spells: 9/9 levels left

rFire    . . .     SeeInvis .   k - +1 hand axe "Fareegh" {freeze, rPois Str+2 Dex+7 Stlth+}
rCold    . . .     Gourm    .   c - +1 shield
rNeg     + . .     Faith    .   Q - +0 plate armour
rPois    +         Spirit   .   (helmet restricted)
rElec    .         Reflect  .   (no cloak)
rCorr    .         Harm     .   (no gloves)
MR       .....                  A - +0 pair of boots
Stlth    ..........             (no amulet)
Regen    0.3/turn               C - +3 ring of dexterity
MPRegen  0.2/turn               L - +4 ring of slaying

@: glowing
A: retaliatory headbutt, horns 2, thin metallic scales 1, poison resistance
a: Divine Shield, Renounce Religion


You were on level 9 of the Dungeon.
You worshipped the Shining One.
The Shining One was most pleased with you.
You were not hungry.

You visited 1 branch of the dungeon, and saw 9 of its levels.

You collected 448 gold pieces.

Inventory:

Hand Weapons
 a - a +0 war axe
 k - the +1 hand axe "Fareegh" (weapon) {freeze, rPois Str+2 Dex+7 Stlth+}
   (You found it on level 6 of the Dungeon)

   It has been specially enchanted to freeze those struck by it, causing extra
   injury to most foes and up to half again as much damage against particularly
   susceptible opponents.
   It can also slow down cold-blooded creatures.
   It affects your strength (+2).
   It affects your dexterity (+7).
   It protects you from poison.
   It makes you more stealthy.
 x - a +2 hand axe of chopping
Armour
 c - a +1 shield (worn)
 A - a +0 pair of boots (worn)
 Q - a +0 plate armour (worn)
Jewellery
 t - a +4 ring of intelligence
 C - a +3 ring of dexterity (left hand)
 D - an uncursed ring of see invisible
 E - an uncursed ring of positive energy
 L - a +4 ring of slaying (right hand)
 P - an uncursed ring of protection from magic {unknown}
Wands
 z - a wand of lightning (5/15)
 F - a wand of iceblast (8/15)
 G - a wand of lightning (7/15)
 H - a wand of confusion (30/48)
 I - a wand of acid (11/15)
 J - a wand of digging (1/24)
Scrolls
 g - 4 scrolls of identify
 h - 2 scrolls of recharging
 l - 2 scrolls of magic mapping
 m - 2 scrolls of immolation {unknown}
 n - 2 scrolls of enchant armour
 q - a scroll of noise {unknown}
 r - 2 scrolls of fog
 u - a scroll of enchant weapon {unknown}
 w - 4 scrolls of teleportation
 y - 2 scrolls of random uselessness {unknown}
 N - a scroll of fear {unknown}
Potions
 d - 2 potions of might
 e - a potion of agility
 i - 3 potions of heal wounds
 j - 3 potions of berserk rage
 s - 4 potions of curing {unknown}
 v - 2 potions of magic {unknown}
Books
 K - a book of Conjurations

   Spells                             Type                      Level
   a - Magic Dart                     Conjuration                  1
   b - Searing Ray                    Conjuration                  2
   c - Dazzling Spray                 Conjuration/Hexes            3
   d - Fulminant Prism                Conjuration/Hexes            4
   e - Force Lance                    Conjuration/Translocation    4
   f - Iskenderun's Mystic Blast      Conjuration                  4
Comestibles
 f - 9 bread rations
 o - 6 royal jellies
 p - 2 meat rations
 B - 2 fruits
 O - a chunk of flesh


   Skills:
 + Level 7.2 Fighting
 + Level 11.7 Axes
 + Level 9.4 Armour
 + Level 4.1 Dodging
 + Level 1.3 Stealth
 + Level 10.5 Shields


You had 9 spell levels left.
You didn't know any spells.

Dungeon Overview and Level Annotations

Branches:
Dungeon (9/15)             Temple (0/1) D:4            Lair (0/6) D:9
    Orc (0/2) D:9

Altars:
Ashenzari
Dithmenos
Elyvilon
Gozag
Hepliaklqana
Nemelex Xobeh
Okawaru
Qazlal
Sif Muna
Trog
Uskayaw
Zin
The Shining One
Beogh


Innate Abilities, Weirdness & Mutations

You reflexively headbutt those who attack you in melee.
You have a pair of horns on your head.
You are partially covered in thin metallic scales. (AC +2)
Your system is resistant to poisons. (rPois)


Message History

The titanic slime creature is heavily wounded.
The titanic slime creature hits you!!
You slash the titanic slime creature! You freeze the titanic slime creature.
You headbutt the titanic slime creature!
The titanic slime creature is heavily wounded.
You slash the titanic slime creature! You freeze the titanic slime creature.
Your headbutt misses the titanic slime creature.
The titanic slime creature is heavily wounded.
You block the titanic slime creature's attack.
You hit the titanic slime creature. You freeze the titanic slime creature.
You headbutt the titanic slime creature!
The titanic slime creature is severely wounded.
The titanic slime creature hits you!!!
Ouch! That really hurt!
* * * LOW HITPOINT WARNING * * *
You hit the titanic slime creature. You freeze the titanic slime creature.
You headbutt the titanic slime creature.
The titanic slime creature is severely wounded.
The titanic slime creature hits you!!!
You die...

#......#.##.#
......##.##.#
##.#.###.#..##
#.#.........#
#.##.###..#.#####
##....# #........#
...##÷###..#.###.#
#####......#.# #.#
......)......# #@#
#######†##.### #J#
................J#
#####............#
#####...#######..#
#.......### #..#
#.##......# #..#
#.#.....#.# #..#
...........#


You could see a titanic slime creature and a slime creature.

Vanquished Creatures
  The ghost of mfyou the Cleaver, a novice MiFi of the Shining One (D:9)
  Pikel (D:4)
  A troll (D:8)
  2 hippogriffs
  A spriggan (D:7)
  A yak (D:9)
  A wyvern (D:9)
  2 humans (D:8)
  A hungry ghost (D:9)
  The ghost of Dommiel19 the Chopper, an amateur DsGl (D:4)
  4 orc warriors
  3 ice beasts
  2 sky beasts
  A black bear (D:8)
  2 ogres
  3 centaurs
  9 big kobolds
  Blork the orc (D:4)
  4 bullfrogs
  A water moccasin zombie (D:7)
  2 scorpions
  3 killer bees (D:8)
  4 wights (D:9)
  2 howler monkeys (D:7)
  A bullfrog zombie (D:6)
  3 quasits
  A jelly (D:5)
  3 hounds
  2 orc priests (D:7)
  An orc wizard (D:6)
  2 centaur skeletons
  A gnoll shaman (D:8)
  2 iguanas (D:9)
  3 worker ants
  A killer bee zombie (D:7)
  A hound skeleton (D:6)
  Robin (D:2)
  6 gnolls
  9 adders
  A shadow imp (D:5)
  An ooze (D:1)
  2 adder zombies
  5 worms
  A dart slug (D:3)
  6 leopard geckos
  20 orcs
  4 bats
  9 giant cockroaches
  19 goblins
  9 hobgoblins
  21 jackals
  2 quokkas
  3 ball pythons
  7 frilled lizards
  A jackal zombie (D:6)
  11 kobolds
  A quokka skeleton (D:4)
  A quokka zombie (D:5)
  5 rats (D:1)
219 creatures vanquished.

Vanquished Creatures (others)
  An ogre (D:8)
  3 kobolds (D:8)
4 creatures vanquished.

Grand Total: 223 creatures vanquished

Notes
Turn   | Place    | Note
-------+----------+-------------------------------------------
     0 | D:1      | QuCean the Minotaur Fighter began the quest for the Orb.
     0 | D:1      | Reached XP level 1. HP: 19/19 MP: 0/0
   101 | D:1      | Reached XP level 2. HP: 25/27 MP: 1/1
   296 | D:1      | Reached XP level 3. HP: 29/33 MP: 2/2
   589 | D:1      | Reached skill level 3 in Axes
  1002 | D:2      | Noticed Robin
  1121 | D:2      | Reached XP level 4. HP: 41/41 MP: 3/3
  1132 | D:2      | Killed Robin
  1132 | D:2      | Reached skill level 1 in Dodging
  1733 | D:3      | Found a glowing drain.
  1734 | D:3      | Reached XP level 5. HP: 38/47 MP: 4/4
  1806 | D:3      | You fall through a shaft for 2 floors!
  1806 | D:5      | Entered Level 5 of the Dungeon
  1813 | D:5      | Reached skill level 4 in Axes
  1819 | D:4      | Found a sparkling altar of Nemelex Xobeh.
  1819 | D:4      | Found a shattered altar of Ashenzari.
  1913 | D:5      | Noticed a centaur
  2135 | D:5      | Killed a centaur
  2135 | D:5      | Reached skill level 5 in Axes
  2135 | D:5      | Reached XP level 6. HP: 47/53 MP: 5/5
  2195 | D:5      | Noticed a slave
  2196 | D:5      | Noticed Pikel
  2196 | D:5      | Noticed a slave
  2196 | D:5      | Noticed a slave
  2196 | D:5      | Noticed a slave
  2307 | D:4      | Noticed Dommiel19's ghost (amateur DsGl)
  2413 | D:4      | Killed Pikel
  2413 | D:4      | Reached skill level 5 in Fighting
  2413 | D:4      | Reached skill level 6 in Axes
  2413 | D:4      | Reached skill level 5 in Armour
  2413 | D:4      | Reached skill level 5 in Shields
  2413 | D:4      | Reached XP level 7. HP: 23/61 MP: 6/6
  2721 | D:3      | Found a glowing golden altar of the Shining One.
  2725 | D:3      | Became a worshipper of the Shining One
  2779 | D:3      | Found an opulent altar of Gozag.
  3481 | D:4      | Found a stormy altar of Qazlal.
  3549 | D:4      | Noticed Blork the orc
  3567 | D:4      | Killed Blork the orc
  3890 | D:4      | Found a deep blue altar of Sif Muna.
  3899 | D:4      | Reached skill level 7 in Axes
  4027 | D:4      | Killed Dommiel19's ghost
  4027 | D:4      | Reached XP level 8. HP: 32/69 MP: 7/7
  4565 | D:4      | Found a staircase to the Ecumenical Temple.
  4765 | D:5      | Found a glowing silver altar of Zin.
  4766 | D:5      | Found an iron altar of Okawaru.
  4766 | D:5      | Found a hazy altar of Hepliaklqana.
  4767 | D:5      | Found a hide-covered altar of Uskayaw.
  5200 | D:6      | Gained mutation: You are partially covered in thin metallic scales. (AC +2) [mutagenic meat]
  5248 | D:6      | Reached * piety under the Shining One
  5334 | D:6      | Found a white marble altar of Elyvilon.
  5412 | D:6      | Got a crude hand axe
  5413 | D:6      | Identified the cursed +1 hand axe "Fareegh" {freeze, rPois Str+2 Dex+7 Stlth+} (You found it on level 6 of the Dungeon)
  5457 | D:6      | Identified the Papyrus of Creation and the Rocks
  5511 | D:6      | Reached skill level 8 in Axes
  6046 | D:7      | Reached skill level 9 in Axes
  6375 | D:7      | Noticed a hippogriff
  6382 | D:7      | Killed a hippogriff
  6382 | D:7      | Reached XP level 9. HP: 62/75 MP: 8/8
  6433 | D:7      | Found a shadowy altar of Dithmenos.
  6725 | D:7      | Gained mutation: Your system is resistant to poisons. (rPois) [mutagenic meat]
  7298 | D:7      | Found a bloodstained altar of Trog.
  7378 | D:8      | Reached skill level 10 in Axes
  7385 | D:8      | Reached skill level 1 in Stealth
  7456 | D:8      | Found an iron altar of Okawaru.
  7755 | D:8      | Reached ** piety under the Shining One
  8016 | D:8      | Found a transporter.
  8027 | D:8      | Noticed a two-headed ogre
  8028 | D:8      | Noticed a cyclops
  8028 | D:8      | Noticed a troll
  8028 | D:8      | Found a roughly hewn altar of Beogh.
  8328 | D:9      | Found a staircase to the Orcish Mines.
  8328 | D:9      | Noticed a troll
  8368 | D:8      | Reached XP level 10. HP: 82/84 MP: 9/9
  8397 | D:8      | Reached skill level 11 in Axes
  8886 | D:9      | Reached skill level 10 in Shields
  9063 | D:9      | Noticed mfyou's ghost (novice MiFi)
  9084 | D:9      | Killed mfyou's ghost
  9163 | D:9      | Found a staircase to the Lair.
  9267 | D:9      | Reached *** piety under the Shining One
  9282 | D:9      | HP: 4/86 [titanic slime creature (47)]
  9283 | D:9      | Annihilated by a titanic slime creature

Skill      XL: |  1  2  3  4  5  6  7  8  9 10 |
---------------+-------------------------------+-----
Fighting       | 4 5 6 7 |  7.2
Shields        | 4 5 7 9 10 | 10.5
Axes           | 3 5 6 7 9 10 11 | 11.7
Armour         | 4 5 6 7 8 9 |  9.4
Dodging        | 1 2 3 4 |  4.1
Stealth        | 1 |  1.3

Action                   |  1- 3 |  4- 6 |  7- 9 | 10-12 || total
-------------------------+-------+-------+-------+-------++-------
Melee: War axe           |    99 |    78 |    69 |       ||   246
       Headbutt          |     9 |    17 |    61 |    34 ||   121
       Hand axe          |       |       |   223 |   114 ||   337
  Use: Scroll            |       |     5 |    11 |       ||    16
  Eat: Chunk             |     1 |     3 |    16 |     2 ||    22
       Fruit             |       |       |     1 |       ||     1
       Bread ration      |       |       |     2 |       ||     2
Armor: Scale mail        |    73 |    35 |    85 |    13 ||   206
       Chain mail        |       |       |       |     4 ||     4
       Plate armour      |       |       |       |     1 ||     1
Dodge: Dodged            |    37 |    51 |    78 |    19 ||   185
Block: Shield            |    66 |    75 |   194 |    65 ||   400
